 Dungeon Crawl Stone Soup version 0.31-a0-145-g046c7d2549 (webtiles) character file.

Game seed: 17483355936382954684

4 lessens the Shield-Bearer (level 1, -4/18 HPs)
             Began as a Formicid Fighter on June 6, 2023.
             Slain by a goblin
             ... wielding a +0 dagger of electrocution
              (8 damage)
             ... on level 1 of the Dungeon.
             The game lasted 00:00:15 (47 turns).

lessens the Shield-Bearer (Formicid Fighter)          Turns: 47, Time: 00:00:15

Health: -4/18      AC:  6    Str: 20    XL:     1   Next: 66%
Magic:  1/1        EV:  9    Int:  7    God:
Gold:   0          SH:  5    Dex: 13    Spells: 0/0 levels left

rFire   . . .        a - +0 flail
rCold   . . .        c - +0 buckler
rNeg    . . .        b - +0 scale mail
rPois   .            (helmet unavailable)
rElec   .            (no cloak)
rCorr   .            (no gloves)
SInv    +            (no boots)
Will    .....        (no amulet) Stlth
                     (no ring)
HPRegen 0.23/turn    (no ring)
MPRegen 0.07/turn

%: no passive effects
@: no status effects
A: permanent stasis, dig shafts and tunnels, antennae 3, four strong arms
a: Dig, Shaft Self


You were on level 1 of the Dungeon.
You visited 1 branch of the dungeon, and saw 1 of its levels.

Inventory:

Hand Weapons
 a - a +0 flail (weapon)
Armour
 b - a +0 scale mail (worn)
 c - a +0 buckler (worn)
Potions
 d - a potion of might


   Skills:
 - Level 3.2 Fighting
 + Level 2.4 Maces & Flails
 - Level 3.2 Armour
 - Level 4.0 Shields


You couldn't memorise any spells.
You didn't know any spells.
Your spell library was empty.

Dungeon Overview and Level Annotations

Branches:
Dungeon (1/15) Zot: 5950

Altars:


Innate Abilities, Weirdness & Mutations

You cannot be hasted, slowed, berserked, paralysed or teleported.
You can dig through walls and to a lower floor.
You have a pair of large antennae on your head. (SInv)
Your four strong arms can wield two-handed weapons with a shield.


Message History

You block the kobold's attack.
You completely miss the goblin. You block the kobold's attack.
The kobold hits you but does no damage. The goblin hits you but does no damage.
You closely miss the goblin. The kobold barely misses you.
You block the kobold's attack.
The goblin hits you but does no damage. x2
You block the kobold's attack. The kobold misses you.
You barely miss the goblin. The kobold hits you but does no damage.
The goblin hits you but does no damage. The kobold barely misses you.
You block the goblin's attack. The kobold attacks as you move away!
The kobold hits you with a +0 short sword.
The kobold attacks as you move away! The kobold barely misses you.
There is an open door here.
The goblin attacks as you move away! The goblin hits you but does no damage.
The kobold attacks as you move away! The kobold hits you but does no damage.
The kobold attacks as you move away!
The kobold hits you with a +0 short sword.
The kobold attacks as you move away! You block the kobold's attack.
There is an open door here.
The kobold attacks as you move away!
The kobold hits you with a +0 short sword.
You hit the kobold.
You kill the kobold!
The goblin hits you but does no damage.
The frilled lizard hisses.
There is an open door here.
Things that are here:
a +0 short sword; a kobold corpse You hit the goblin.
The goblin is severely wounded.
The goblin hits you but does no damage.
You are electrocuted!
Ouch! That really hurt!
* * * LOW HITPOINT WARNING * * *
The frilled lizard completely misses you.
You block the frilled lizard's attack. The goblin closely misses you.
Unknown command.
The goblin attacks as you move away! The goblin hits you but does no damage.
You are electrocuted!
You die...

....# ....♣ ....♣
#### ....♣
##..#######....♣♣
#....'..!.......♣
#..K.#....K.....♣
##lg#######......♣
##@# ......♣ #..#
......♣ #..#
..#..#♣ #..#
..#..# #..# .(# .#
#..# ..# # #.†#
#'## ##..#########


You could see a goblin, a kobold and a frilled lizard.

Vanquished Creatures
  A bat (D:1)
  A hobgoblin (D:1)
  A kobold (D:1)
3 creatures vanquished.

Notes
Turn   | Place    | Note
-------+----------+-------------------------------------------
     0 | D:1      | lessens the Formicid Fighter began the quest for the Orb.
     0 | D:1      | Reached XP level 1. HP: 18/18 MP: 1/1
    47 | D:1      | Slain by a goblin

Illustrated notes

Levels and vault maps discovered:
D:1:      sevenhm_arrival_forest_fort_large_4, layout_basic

Action                     || total
---------------------------++-------
  Melee: Flail             ||    10
 Armour: Scale mail        ||    17
  Dodge: Dodged            ||     8
  Block: Buckler           ||     7

Table legend: (Time is in decaauts)
 A = Elapsed time spent in this place.
 B = Non-inter-level travel time spent in this place.
 C = Inter-level travel time spent in this place.
 D = Time resting spent in this place.
 E = Time spent auto-exploring this place.
 F = Levels seen in this place.
 G = Mean time per level.
                   A        B        C        D        E       F      G
               +--------+--------+--------+--------+--------+-----+--------+
         Total |     50 |     50 |      0 |      0 |     19 |   1 |   50.0 |
       Dungeon |     50 |     50 |      0 |      0 |     19 |   1 |   50.0 |
               +--------+--------+--------+--------+--------+-----+--------+

Top non-repeatable levels by time:
     D:1: 50 daAuts

Levels and vault maps discovered:
D:1:      sevenhm_arrival_forest_fort_large_4, layout_basic
